 Dungeon Crawl Stone Soup version 0.31-a0-818-ge7c7cf74f0 (webtiles) character file.

Game seed: 405952326572609139

698 porpoise the Skirmisher (level 7, 0/44 HPs)
             Began as a Kobold Hunter on Sept 23, 2023.
             Slain by an ogre
             ... wielding a +0 giant club
              (19 damage)
             ... on level 4 of the Dungeon.
             The game lasted 00:08:04 (3065 turns).

porpoise the Skirmisher (Kobold Hunter)             Turns: 3065, Time: 00:08:05

Health: 0/44       AC: 10    Str:  9    XL:     7   Next: 97%
Magic:  7/7        EV: 19    Int: 10    God:
Gold:   211        SH:  5    Dex: 20    Spells: 6/6 levels left

rFire   . . .        a - +0 shortbow
rCold   . . .        (shield currently unavailable)
rNeg    . . .        y - +2 leather armour {Will+}
rPois   +            r - +0 helmet
rElec   .            l - +0 cloak
rCorr   .            f - +2 pair of gloves
SInv    .            (no boots)
Will    +....        x - amulet of reflection
Stlth   +++          o - ring of poison resistance
HPRegen 0.27/turn    v - +5 ring of evasion
MPRegen 0.10/turn

%: reflection
@: no status effects
A: small, no large weapons, nightstalker 3
a: no special abilities


You were on level 4 of the Dungeon.
You visited 1 branch of the dungeon, and saw 4 of its levels.

You collected 211 gold pieces.

Inventory:

Hand Weapons
 a - a +0 shortbow (weapon)
 b - a +0 rapier
Missiles
 c - 6 boomerangs
 g - 4 throwing nets
Armour
 f - a +2 pair of gloves (worn)
 l - a +0 cloak (worn)
 r - a +0 helmet (worn)
 s - a +2 animal skin
 y - a +2 leather armour of willpower (worn)
Jewellery
 o - a ring of poison resistance (left hand)
 p - a ring of positive energy
 t - an amulet of the acrobat
 v - a +5 ring of evasion (right hand)
 x - an amulet of reflection (around neck)
Scrolls
 d - 6 scrolls of identify {unknown}
 e - 2 scrolls of immolation {unknown}
 i - 2 scrolls of poison {unknown}
 j - 2 scrolls of silence {unknown}
 m - 2 scrolls of fear {unknown}
 u - a scroll of teleportation {unknown}
 A - a scroll of butterflies
Potions
 h - 2 potions of enlightenment {unknown}
 k - a potion of lignification {unknown}
 n - a potion of curing {unknown}
 q - a potion of might {unknown}
 w - 2 potions of mutation {unknown}
 z - a potion of degeneration {unknown}


   Skills:
 + Level 5.5 Fighting
 * Level 10.2 Ranged Weapons
 - Level 2.4 Dodging
 - Level 1.3 Stealth


You had 6 spell levels left.
You didn't know any spells.
Your spell library contained the following spells:

 Spells                   Type           Power      Damage    Failure   Level
 Apportation              Tloc           0%         N/A       47%         1
 Slow                     Hex            0%         N/A       47%         1
 Jinxbite                 Hex            0%         N/A       63%         2
 Confusing Touch          Hex            0%         N/A       85%         3
 Dazzling Flash           Conj/Hex       0%         N/A       85%         3
 Sigil of Binding         Hex            0%         N/A       85%         3
 Vampiric Draining        Necr           0%         2d6       85%         3
 Agony                    Necr           0%         N/A       100%        5
 Alistair's Intoxication  Tmut/Pois      0%         N/A       100%        5
 Silence                  Hex/Air        0%         N/A       100%        5


Dungeon Overview and Level Annotations

Branches:
Dungeon (4/15)
 Temple: D:4-7

Altars:

Shops:
D:3 (

Annotations:
D:4 Sigmund


Innate Abilities, Weirdness & Mutations

You are small and have problems with some larger weapons.
You are completely attuned to the shadows.


Message History

Found a chain mail.
The endoplasm quivers.
An endoplasm is nearby!
You shoot an arrow. The arrow hits the endoplasm!
You kill the endoplasm!
No target in view!
You now have 211 gold pieces (gained 16).
Found a stone staircase leading up.
An ogre comes into view. It is wielding a +0 giant club.
You shoot an arrow. The arrow hits the ogre!
The ogre is moderately wounded.
You shoot an arrow. The arrow barely misses the ogre.
You shoot an arrow.
The arrow hits the ogre but does no damage.
The ogre is moderately wounded.
You shoot an arrow.
The arrow hits the ogre but does no damage.
The ogre is moderately wounded.
The ogre hits you with a +0 giant club!!
Ouch! That really hurt!
You are too injured to fight recklessly!
You shoot an arrow. The arrow hits the ogre.
The ogre is heavily wounded.
The ogre barely misses you.
You shoot an arrow.
The arrow hits the ogre but does no damage.
The ogre is heavily wounded.
You shoot an arrow.
The arrow hits the ogre but does no damage.
The ogre is heavily wounded.
The ogre misses you.
You shoot an arrow. The arrow hits the ogre.
The ogre is severely wounded.
The ogre closely misses you.
You shoot an arrow. The arrow hits the ogre.
The ogre is almost dead.
You shoot an arrow. The arrow hits the ogre.
The ogre is almost dead.
The ogre hits you with a +0 giant club!!
You die...

##
######...
#...@O...
#.####...
#.# #.
#.# #.###
#...# #(#
###.# ...
#.#
#######
#.# #.#
#.....#
#.#


You could see an ogre.

Vanquished Creatures
  Eustachio (D:4)
  A water moccasin (D:3)
  A black bear (D:4)
  An ogre (D:4)
  2 scorpions (D:4)
  Robin (D:2)
  3 gnolls (D:2)
  4 adders
  A dart slug (D:4)
  6 orcs (D:3)
  5 endoplasms
  3 giant cockroaches
  13 goblins
  10 hobgoblins
  4 jackals (D:3)
  4 quokkas
  3 ball pythons
  8 bats
  5 frilled lizards
  3 kobolds
  9 rats
88 creatures vanquished.

Notes
Turn   | Place    | Note
-------+----------+-------------------------------------------
     0 | D:1      | porpoise the Kobold Hunter began the quest for the Orb.
     0 | D:1      | Reached XP level 1. HP: 12/12 MP: 1/1
   218 | D:1      | Reached XP level 2. HP: 18/18 MP: 2/2
   541 | D:1      | Reached skill level 6 in Ranged Weapons
   664 | D:1      | Reached XP level 3. HP: 22/22 MP: 3/3
  1292 | D:2      | Reached XP level 4. HP: 14/28 MP: 4/4
  1557 | D:3      | Noticed Robin
  1585 | D:2      | Killed Robin
  1678 | D:3      | Reached skill level 7 in Ranged Weapons
  1725 | D:3      | Reached XP level 5. HP: 32/32 MP: 5/5
  1820 | D:3      | Noticed a water moccasin
  1835 | D:3      | Killed a water moccasin
  1836 | D:3      | Reached skill level 8 in Ranged Weapons
  1836 | D:3      | Reached XP level 6. HP: 17/38 MP: 6/6
  1952 | D:3      | Found Ponushe's Weapon Shop.
  2548 | D:4      | Noticed a black bear
  2555 | D:4      | Killed a black bear
  2556 | D:4      | Reached skill level 9 in Ranged Weapons
  2556 | D:4      | Reached XP level 7. HP: 44/44 MP: 7/7
  2709 | D:4      | Noticed Sigmund
  2743 | D:4      | Reached skill level 5 in Fighting
  2783 | D:4      | Noticed Eustachio
  2793 | D:4      | Killed Eustachio
  2800 | D:4      | Reached skill level 10 in Ranged Weapons
  3065 | D:4      | Slain by an ogre

Illustrated notes

Levels and vault maps discovered:
D:1:      shiori_shiawase, layout_basic, amcnicky_mini_rare_corridor_liquid,
          minmay_pentomino_v4
D:2:      layout_basic
D:3:      layout_rooms, serial_shops, nicolae_shop_window_shopping, uniq_robin
D:4:      layout_loops_cross, uniq_eustachio, uniq_sigmund

Skill      XL: |  1  2  3  4  5  6  7 |
---------------+----------------------+-----
Ranged Weapons | 6 7 8 9 10 | 10.2
Fighting       | 3 4 5 |  5.5
Dodging        | |  2.4
Stealth        | |  1.3

Action                     |  1- 3 |  4- 6 |  7- 9 || total
---------------------------+-------+-------+-------++-------
   Fire: Shortbow          |    89 |   119 |    49 ||   257
    Use: Potion            |       |     1 |       ||     1
 Armour: Leather armour    |    18 |    19 |     7 ||    44
         Animal skin       |       |    17 |       ||    17
  Dodge: Dodged            |    36 |    53 |    17 ||   106
  Block: Other             |       |     2 |     2 ||     4

Table legend: (Time is in decaauts)
 A = Elapsed time spent in this place.
 B = Non-inter-level travel time spent in this place.
 C = Inter-level travel time spent in this place.
 D = Time resting spent in this place.
 E = Time spent auto-exploring this place.
 F = Levels seen in this place.
 G = Mean time per level.
                   A        B        C        D        E       F      G
               +--------+--------+--------+--------+--------+-----+--------+
         Total |   3079 |   3028 |     51 |    376 |   2078 |   4 |  769.8 |
       Dungeon |   3079 |   3028 |     51 |    376 |   2078 |   4 |  769.8 |
               +--------+--------+--------+--------+--------+-----+--------+

Top non-repeatable levels by time:
     D:1: 964 daAuts
     D:4: 833 daAuts
     D:2: 708 daAuts
     D:3: 573 daAuts
